 Dungeon Crawl Stone Soup version 0.28-a0-1227-ga9037bb4c8 (webtiles) character file.

Game seed: 10606537513328477267

115 spiderkeys the Skirmisher (level 5, 0/43 HPs)
             Began as a Barachi Abyssal Knight on Dec 22, 2021.
             Was a Follower of Lugonu.
             Slain by a kobold (3 damage)
             ... on level 2 of the Dungeon.
             The game lasted 00:03:57 (3792 turns).

spiderkeys the Skirmisher (Barachi Abyssal Knight)  Turns: 3792, Time: 00:03:57

Health: 0/43       AC:  5    Str: 17    XL:     5   Next: 0%
Magic:  6/6        EV: 10    Int: 10    God:    Lugonu [*.....]
Gold:   115        SH:  5    Dex: 12    Spells: 4/4 levels left

rFire   . . .      SeeInvis +   n - +1 whip (freeze)
rCold   . . .      Faith    .   (no shield)
rNeg    . . .      Spirit   .   e - +0 ring mail
rPois   .          Reflect  +   (no helmet)
rElec   .          Harm     .   (no cloak)
rCorr   .          Rampage  .   (no gloves)
Will    .....                   (no boots)
Stlth   +.........              c - amulet of reflection
HPRegen 0.14/turn               v - ring of see invisible
MPRegen 0.10/turn               (no ring)

@: slow
A: amphibious, slowness 1, strong legs 1, +LOS
a: Hop, Renounce Religion, Depart the Abyss


You were on level 2 of the Dungeon.
You worshipped Lugonu.
Lugonu was aware of your devotion.
You visited 1 branch of the dungeon, and saw 3 of its levels.
You visited the Abyss 1 time.

You collected 115 gold pieces.


Innate Abilities, Weirdness & Mutations

You are amphibious.
You cover ground slowly.
You can hop short distances.
You have an extended range of vision and can be seen from far away.


   Skills:
 + Level 4.5 Fighting
 * Level 4.5 Long Blades
 + Level 3.5 Armour
 - Level 1.1 Dodging
 - Level 1.5 Invocations


You had 4 spell levels left.
You didn't know any spells.
Your spell library contained the following spells:

 Spells                   Type           Power      Damage    Failure   Level
 Ignite Poison            Fire/Tmut/Pois 0%         N/A       90%         3
 Mephitic Cloud           Conj/Pois/Air  0%         N/A       90%         3
 Freezing Cloud           Conj/Ice/Air   0%         6-21      100%        5

Inventory:

Hand Weapons
 a - a +1 falchion
 n - a +1 whip of freezing (weapon)
   (You found it on level 2 of the Dungeon)
Missiles
 g - 43 sling bullets
 h - 68 stones
 j - 47 bolts
Armour
 b - a +0 leather armour
 e - a +0 ring mail (worn)
   (You found it on level 2 of the Dungeon)
Jewellery
 c - an amulet of reflection (around neck)
   (You found it on level 1 of the Abyss)
 v - a ring of see invisible (left hand)
   (You found it on level 2 of the Dungeon)
Scrolls
 f - a scroll of brand weapon {unknown}
 i - a scroll of fog {unknown}
 k - a scroll of identify {@r1}
 l - a scroll of noise {unknown}
 m - a scroll of immolation {unknown}
Potions
 d - 2 potions of lignification {!q}

Dungeon Overview and Level Annotations

Branches:
Dungeon (3/15)

Altars:

#.......#.###########
######..............#
####.#########.# #.........#.#
#########.#.....#.#
#......##.#######.# #######
#......##.......#.#
#.....######..B)..########.#.#
##'###.g....'...@K..........#.#
.....########......##########.#
.....# #......# #.# .....#
#......# #.# .....# #......####
#.# .♣.♣.######
#########.#######.# .♣.♣......#
#.........# ♣8.8♣♣....###
#.######### ..........+.# #.#


You could see a giant cockroach and a kobold.


Message History

The kobold throws a stone.
The stone hits you but does no damage.
There is a stone staircase leading up here. 😕 HP[-2]
You take 2 damage, and now have 36/38 hp.
The orc barely misses you.
You climb upwards.
There is a stone staircase leading down here.
You hit the orc. You freeze the orc.
You kill the orc!
Lugonu accepts your kill.
You have reached level 5! 😕 HP[+5] MP[+1]
You now have 43 max hp (+5).
You regained 5 hp, and now have 41/43 hp.
Your mp is fully restored (6).
You climb downwards.
The kobold throws a stone.
The stone barely misses you.
The orc priest mumbles some strange prayers to Beogh against you.
Beogh smites you!
The orc priest calls down the wrath of Beogh upon you.
Beogh smites you!
* * * LOW HITPOINT WARNING * * *
There is a stone staircase leading up here. 😨 HP[-20]
You take 20 damage, and now have 21/43 hp.
MASSIVE DAMAGE!! (PAUSE)
The kobold throws a stone.
The stone barely misses you.
You climb upwards.
There is a stone staircase leading down here. 😮 HP[+1]
You start resting. 😎 HP[+21]
Your hp is fully restored (43).
You climb downwards.
The giant cockroach bites you but does no damage.
The orc priest barely misses you.
There is a stone staircase leading up here.
The giant cockroach bites you but does no damage.
You block the orc priest's attack. The giant cockroach closely misses you.
The orc hits you with a +0 mace. The kobold closely misses you.
You climb upwards.
There is a stone staircase leading down here. 😕 HP[-4]
You take 4 damage, and now have 39/43 hp.
You closely miss the orc priest. The orc priest barely misses you.
The giant cockroach barely misses you. The kobold hits you but does no damage.
You barely miss the orc priest.
The giant cockroach bites you but does no damage.
The orc priest misses you. The kobold barely misses you. 😕 HP[+1]
You closely miss the orc priest.
The giant cockroach completely misses you.
The orc priest hits you with a +0 club. The kobold hits you with a +0 dagger.
The giant cockroach bites you but does no damage. 😕 HP[-4]
You take 4 damage, and now have 36/43 hp.
You closely miss the orc priest. The orc priest hits you with a +0 club.
The kobold barely misses you.
The giant cockroach completely misses you. 😮 HP[-5]
You take 5 damage, and now have 31/43 hp.
You hit the orc priest. You freeze the orc priest.
The orc priest closely misses you. You block the giant cockroach's attack.
The kobold hits you but does no damage.
You hit the orc priest. You freeze the orc priest.
The orc priest calls down the wrath of Beogh upon you.
Beogh smites you!
* * * LOW HITPOINT WARNING * * *
The giant cockroach barely misses you. The kobold hits you with a +0 dagger.
* * * LOW HITPOINT WARNING * * *
You block the orc priest's attack. 😨 HP[-19]
You take 19 damage, and now have 12/43 hp.
MASSIVE DAMAGE!! (PAUSE)
You closely miss the orc priest.
The giant cockroach bites you but does no damage.
The kobold hits you with a +0 dagger.
* * * LOW HITPOINT WARNING * * *
The giant cockroach bites you but does no damage.
The orc priest closely misses you. 😱 HP[-2]
You take 2 damage, and now have 10/43 hp.
You hit the orc priest. You freeze the orc priest.
The kobold barely misses you. The giant cockroach barely misses you.
The orc priest hits you with a +0 club.
* * * LOW HITPOINT WARNING * * *
😱 HP[-5]
You take 5 damage, and now have 5/43 hp.
You barely miss the orc priest. The kobold closely misses you.
The giant cockroach waves its antennae.
The giant cockroach barely misses you. The orc priest hits you with a +0 club.
* * * LOW HITPOINT WARNING * * *
You hit the orc priest. You freeze the orc priest.
You kill the orc priest!
Lugonu accepts your kill. The giant cockroach bites you.
* * * LOW HITPOINT WARNING * * *
The kobold hits you with a +0 dagger.
* * * LOW HITPOINT WARNING * * *
The giant cockroach barely misses you. The kobold hits you with a +0 dagger.
You die...

Skill      XL: |  1  2  3 |
---------------+----------+-----
Long Blades    | 3 4 |  4.5
Fighting       | 4 |  4.5
Armour         | 3 |  3.5
Dodging        | |  1.1
Invocations    | |  1.5

Action                   |  1- 3 |  4- 6 || total
-------------------------+-------+-------++-------
Melee: Falchion          |   114 |    43 ||   157
       Whip              |       |    47 ||    47
Invok: Depart the Abyss  |     1 |       ||     1
 Abil: Hop               |     2 |     2 ||     4
  Use: Potion            |     3 |       ||     3
       Scroll            |     1 |       ||     1
 Stab: Sleeping          |     1 |       ||     1
Armor: Leather armour    |    32 |       ||    32
       Ring mail         |     3 |    29 ||    32
Dodge: Dodged            |    72 |    66 ||   138
Block: Other             |    23 |    32 ||    55
       Reflection        |       |     1 ||     1

Levels and vault maps discovered:
D:1:      dpeg_arrival_brainrot, layout_basic,
          shapermc_ecumenical_altar_starsandcircs
D:2:      layout_basic, kennysheep_minor_cross, feat_on_display
D:3:      layout_basic, serial_corexii_hall, chequers_hall_statues_corner_a,
          chequers_hall_statues_y, grunt_decor_junction, minivault_25

Notes
Turn   | Place    | Note
-------+----------+-------------------------------------------
     0 | Abyss:1  | spiderkeys the Barachi Abyssal Knight began the quest for
                  | the Orb.
     0 | Abyss:1  | Reached XP level 1. HP: 18/18 MP: 2/2
     0 | Abyss:1  | magus.rc [v1.9.10]
   102 | Abyss:2  | Noticed a small abomination
   128 | Abyss:2  | Noticed a freezing wraith
   136 | Abyss:2  | Noticed a large abomination
   136 | D:1      | You pass through the gate.
   136 | D:1      | Escaped the Abyss
   205 | D:1      | HP: 4/18 [jackal (1)]
   209 | D:1      | HP: 1/18 [jackal (1)]
   652 | D:1      | Reached XP level 2. HP: 21/25 MP: 3/3
   711 | D:1      | Reached skill level 3 in Long Blades
  1068 | D:1      | Found a faded altar of an unknown god.
  1398 | D:1      | Reached skill level 4 in Fighting
  1398 | D:1      | Reached XP level 3. HP: 30/30 MP: 4/4
  1549 | D:2      | Reached * piety under Lugonu
  1550 | D:2      | Reached skill level 3 in Armour
  1717 | D:2      | HP: 6/30 [gnoll (3)]
  2304 | D:2      | Reached skill level 4 in Long Blades
  2304 | D:2      | Reached XP level 4. HP: 25/37 MP: 5/5
  2365 | D:2      | HP: 6/37 [gnoll (8)]
  2864 | D:2      | You add the spells Ignite Poison, Mephitic Cloud and
                  | Freezing Cloud to your library.
  3627 | D:2      | Reached XP level 5. HP: 41/43 MP: 6/6
  3789 | D:2      | HP: 10/43 [kobold (2)]
  3792 | D:2      | HP: 4/43 [giant cockroach (1)]
  3792 | D:2      | Slain by a kobold

Vanquished Creatures
  An orc priest (D:2)
  4 gnolls
  An adder (D:2)
  An adder skeleton (D:3)
  2 dart slugs
  2 orcs
  4 ball pythons
  5 endoplasms
  A giant cockroach (D:3)
  A hobgoblin (D:2)
  6 jackals
  5 quokkas
  3 bats (D:1)
  3 frilled lizards
  6 goblins
  6 kobolds
  9 rats
60 creatures vanquished.

Table legend:
 A = Non-vault XP
 B = Vault XP
 C = Vault XP percentage of total XP
 D = Non-vault monster count
 E = Vault monster count
 F = Vault count percentage of total count
                 A         B        C        D         E       F
            +---------+---------+-------+---------+---------+-------
      Total |     206 |       2 |   1.0 |      59 |       1 |   1.7
            +---------+---------+-------+---------+---------+-------
        D:1 |      49 |       2 |   3.9 |      24 |       1 |   4.0
        D:2 |     137 |       0 |   0.0 |      26 |       0 |   0.0
        D:3 |      20 |       0 |   0.0 |       9 |       0 |   0.0
            +---------+---------+-------+---------+---------+-------

Illustrated notes

Table legend:
 A = Kills in this place as a percentage of kills in entire the game.
 B = Kills by you in this place as a percentage of kills by you in the entire game.
 C = Kills by friends in this place as a percentage of kills by friends in the entire game.
 D = Other kills in this place as a percentage of other kills in the entire game.
 E = Experience gained in this place as a percentage of experience gained in the entire game.
 F = Experience gained in this place divided by the number of levels of this place that you have seen.
                   A       B       C       D       E      F
               +-------+-------+-------+-------+-------+----------------------
         Total | 100.0 | 100.0 |   N/A |   N/A | 100.0 |  41.6
       Dungeon | 100.0 | 100.0 |   N/A |   N/A | 100.0 |  69.3
               +-------+-------+-------+-------+-------+----------------------

Table legend: (Time is in decaauts)
 A = Elapsed time spent in this place.
 B = Non-inter-level travel time spent in this place.
 C = Inter-level travel time spent in this place.
 D = Time resting spent in this place.
 E = Time spent auto-exploring this place.
 F = Levels seen in this place.
 G = Mean time per level.
                   A        B        C        D        E       F      G
               +--------+--------+--------+--------+--------+-----+--------+
         Total |   4133 |   4031 |    102 |    841 |   2490 |   5 |  826.6 |
       Dungeon |   3972 |   3870 |    102 |    841 |   2418 |   3 | 1324.0 |
         Abyss |    160 |    160 |      0 |      0 |     72 |   2 |   80.0 |
               +--------+--------+--------+--------+--------+-----+--------+

Top non-repeatable levels by time:
     D:1: 2126 daAuts
     D:2: 1710 daAuts
     D:3: 135 daAuts
 Abyss:1: 89 daAuts
 Abyss:2: 70 daAuts
